 Dungeon Crawl Stone Soup version 0.30-a0-632-g346586fe48 (webtiles) character file.

Game seed: 14289577537648533681

43 Newt the Shooter (level 3, -2/21 HPs)
             Began as a Kobold Hunter on Jan 13, 2023.
             Slain by an orc
             ... wielding a +0 war axe
              (4 damage)
             ... on level 2 of the Dungeon.
             The game lasted 00:01:13 (1594 turns).

Newt the Shooter (Kobold Hunter)                    Turns: 1594, Time: 00:01:14

Health: -2/21      AC:  6    Str:  8    XL:     3   Next: 82%
Magic:  3/3        EV: 10    Int: 10    God:
Gold:   29         SH:  0    Dex: 20    Spells: 2/2 levels left

rFire   . . .      SeeInvis .    a - +0 shortbow
rCold   . . .      Faith    .    (shield currently unavailable)
rNeg    . . .      Spirit   .    d - +0 scale mail {Will+}
rPois   .          Reflect  .    (no helmet)
rElec   .          Harm     .    (no cloak)
rCorr   .          Rampage  .    (no gloves)
Will    +....                    (no boots)
Stlth   ++                       (no amulet)
HPRegen 0.23/turn                (no ring)
MPRegen 0.08/turn                (no ring)

@: no status effects
A: small, no large weapons, nightstalker 3
a: no special abilities


You were on level 2 of the Dungeon.
You visited 1 branch of the dungeon, and saw 2 of its levels.

You collected 29 gold pieces.

Inventory:

Hand Weapons
 a - a +0 shortbow (weapon)
Armour
 c - a +0 leather armour
 d - a +0 scale mail of willpower (worn)
Scrolls
 b - a scroll of immolation
 e - a scroll of noise {unknown}
 f - a scroll of poison {unknown}
 j - 2 scrolls of identify {unknown}
Potions
 g - a potion of berserk rage {unknown}
 h - a potion of flight {unknown}
 i - a potion of curing {unknown}
 k - a potion of heal wounds {unknown}


   Skills:
 - Level 2.1 Fighting
 + Level 6.4 Ranged Weapons
 - Level 2.4 Dodging
 - Level 3.0 Stealth


You had 2 spell levels left.
You didn't know any spells.
Your spell library was empty.

Dungeon Overview and Level Annotations

Branches:
Dungeon (2/15)

Altars:

Shops:
D:1 *

Annotations:
D:2 Sigmund


Innate Abilities, Weirdness & Mutations

You are small and have problems with some larger weapons.
You are completely attuned to the shadows.


Message History

The arrow hits the orc but does no damage.
The bat hits you but does no damage. The orc hits you with a +0 war axe.
The bat hits you but does no damage.
You shoot an arrow.
The arrow hits the orc but does no damage.
The bat hits you but does no damage. The bat closely misses you.
The orc hits you with a +0 war axe. The bat misses you.
The orc barely misses you.
You shoot an arrow.
The arrow hits the orc but does no damage.
The bat hits you but does no damage. The orc closely misses you.
You shoot an arrow. The arrow hits the orc.
The orc is lightly wounded.
The bat barely misses you. The orc hits you with a +0 war axe.
The bat completely misses you. The orc hits you with a +0 war axe.
You are too injured to fight recklessly!
You are too injured to fight recklessly!
You are too injured to fight recklessly!
You are too injured to fight recklessly!
You are too injured to fight recklessly!
You are too injured to fight recklessly!
You are too injured to fight recklessly!
You are too injured to fight recklessly!
You are too injured to fight recklessly!
You are too injured to fight recklessly!
You are too injured to fight recklessly!
You are too injured to fight recklessly!
You are too injured to fight recklessly!
You are too injured to fight recklessly!
You are too injured to fight recklessly!
You are too injured to fight recklessly!
You are too injured to fight recklessly!
You are too injured to fight recklessly!
You are too injured to fight recklessly!
You shoot an arrow. The arrow barely misses the bat.
The bat hits you but does no damage. The bat barely misses you.
The orc hits you with a +0 war axe.
* * * LOW HITPOINT WARNING * * *
The bat barely misses you. The orc hits you with a +0 war axe.
You die...

######### #...
#........# #?..
#........# #...
#..#####.## ##...
##.##...##.# #{.#
...#.....#.# #.##
...#.b...#.#######'##
##.#.@...#.#........#
B###o...##.#........#
.J+g###'#.##........#
b###r##...##>.......#
###.(##...+.......(#
....#.###........#
.:..#.# #........#
#..##†# #........#
####†.# #>#...###


You could see an orc, an endoplasm, a quokka, a goblin and a bat.

Vanquished Creatures
  2 adders (D:2)
  A worm (D:2)
  5 bats
  An endoplasm (D:1)
  2 giant cockroaches (D:1)
  2 goblins (D:1)
  A hobgoblin (D:2)
  A quokka (D:1)
  2 ball pythons (D:1)
  4 frilled lizards
  A kobold (D:2)
  A rat (D:1)
23 creatures vanquished.

Notes
Turn   | Place    | Note
-------+----------+-------------------------------------------
     0 | D:1      | Newt the Kobold Hunter began the quest for the Orb.
     0 | D:1      | Reached XP level 1. HP: 12/12 MP: 1/1
   247 | D:1      | Reached XP level 2. HP: 17/17 MP: 2/2
   475 | D:1      | Found Peuho's General Store.
  1419 | D:2      | Reached skill level 6 in Ranged Weapons
  1419 | D:2      | Reached XP level 3. HP: 21/21 MP: 3/3
  1464 | D:2      | Noticed Sigmund
  1594 | D:2      | Slain by an orc

Illustrated notes

Levels and vault maps discovered:
D:1:      dpeg_arrival_water_fire, layout_loops_corners, serial_shops,
          nicolae_shop_statue_plus
D:2:      layout_basic, dreamdust_ecumenical_altar_angels_and_demons,
          minmay_joined_circles, uniq_sigmund

Skill      XL: |  1  2 |
---------------+-------+-----
Stealth        | 2 3 |  3.0
Ranged Weapons | 6 |  6.4
Fighting       | |  2.1
Dodging        | |  2.4

Action                   || total
-------------------------++-------
 Fire: Shortbow          ||    59
Armor: Scale mail        ||    26
       Leather armour    ||     1
Dodge: Dodged            ||    32

Table legend: (Time is in decaauts)
 A = Elapsed time spent in this place.
 B = Non-inter-level travel time spent in this place.
 C = Inter-level travel time spent in this place.
 D = Time resting spent in this place.
 E = Time spent auto-exploring this place.
 F = Levels seen in this place.
 G = Mean time per level.
                   A        B        C        D        E       F      G
               +--------+--------+--------+--------+--------+-----+--------+
         Total |   1629 |   1618 |     11 |     13 |   1384 |   2 |  814.5 |
       Dungeon |   1629 |   1618 |     11 |     13 |   1384 |   2 |  814.5 |
               +--------+--------+--------+--------+--------+-----+--------+

Top non-repeatable levels by time:
     D:1: 1425 daAuts
     D:2: 203 daAuts
